 Dungeon Crawl Stone Soup version 0.29.1-15-g9cfb28693d (webtiles) character file.

Game seed: 13472856937135756082

686 Wololo the Poker (level 7, 0/57 HPs)
             Began as a Minotaur Monk on Mar 1, 2023.
             Was a Believer of Nemelex Xobeh.
             Slain by Duvessa
             ... wielding a +0 short sword
              (8 damage)
             ... on level 5 of the Dungeon.
             The game lasted 00:48:05 (4514 turns).

Wololo the Poker (Minotaur Monk)                    Turns: 4514, Time: 00:48:05

Health: 0/57       AC:  5    Str: 16    XL:     7   Next: 35%
Magic:  6/6        EV: 14    Int:  7    God:    Nemelex Xobeh [**....]
Gold:   205        SH:  6    Dex: 20    Spells: 6/6 levels left

rFire   . . .      SeeInvis .   a - +0 spear
rCold   . . .      Faith    .   d - +0 buckler
rNeg    + . .      Spirit   .   e - +0 leather armour
rPois   .          Reflect  .   (helmet restricted)
rElec   .          Harm     .   L - +1 cloak
rCorr   .          Rampage  .   (no gloves)
Will    .....                   (no boots)
Stlth   ++........              (no amulet)
HPRegen 0.19/turn               B - ring of positive energy
MPRegen 0.10/turn               I - +6 ring of dexterity

@: studying Fighting
A: horns 2, retaliatory headbutt
a: Renounce Religion, Draw Escape, Draw Destruction, Draw Summoning


You were on level 5 of the Dungeon.
You worshipped Nemelex Xobeh.
Nemelex Xobeh was pleased with you.
You visited 1 branch of the dungeon, and saw 5 of its levels.

You collected 214 gold pieces.
You spent 9 gold pieces at shops.

Inventory:

Hand Weapons
 a - a +0 spear (weapon)
 f - a +0 whip
 h - a +0 dagger
 k - a +0 short sword
 q - a +0 sling
 v - a +0 sling
 x - a +0 club
 A - a +0 club
 C - a +0 hand axe
 G - a +1 dagger of flaming
 M - a +0 flail
 N - a +2 quarterstaff of chaos
 O - a +0 hammer
 Q - a +0 dagger
Missiles
 l - 39 stones
 t - 2 poisoned darts
 D - a silver javelin (quivered)
Armour
 b - a +0 robe
 d - a +0 buckler (worn)
 e - a +0 leather armour (worn)
 i - a +0 leather armour
 p - a +0 ring mail
 r - a +0 robe
 w - a +0 ring mail
 L - a +1 cloak (worn)
Jewellery
 B - a ring of positive energy (left hand)
 I - a +6 ring of dexterity (right hand)
Wands
 P - a wand of mindburst (6)
Scrolls
 j - a scroll of silence {unknown}
 n - a scroll of fear {unknown}
 o - 2 scrolls of noise {unknown}
 s - 2 scrolls of vulnerability {unknown}
 y - 4 scrolls of identify {unknown}
 z - 2 scrolls of fog {unknown}
 F - a scroll of enchant weapon {unknown}
 J - 3 scrolls of teleportation {unknown}
Potions
 c - a potion of ambrosia
 g - 3 potions of degeneration {unknown}
 m - 2 potions of haste {unknown}
 u - 2 potions of attraction {unknown}
 E - a potion of invisibility {unknown}
 H - a potion of might {unknown}
 K - a potion of berserk rage {unknown}


   Skills:
 - Level 3.6 Fighting
 * Level 7.8 Polearms
 + Level 5.4 Dodging
 - Level 1.5 Stealth
 + Level 4.5 Shields


You had 6 spell levels left.
You didn't know any spells.
Your spell library contained the following spells:

 Spells                   Type           Power      Damage    Failure   Level
 Necrotise                Necr           0%         1d4       58%         1
 Confusing Touch          Hex            0%         N/A       92%         3
 Vampiric Draining        Necr           0%         2d6       92%         3
 Agony                    Necr           0%         N/A       100%        5
 Yara's Violent Unravell  Hex/Tmut       0%         3d3       100%        5
 Enfeeble                 Hex            0%         N/A       100%        7


Dungeon Overview and Level Annotations

Branches:
Dungeon (5/15)
 Temple: D:4-7

Altars:
Makhleb
Nemelex Xobeh
Ru

Shops:
D:1 (**[

Annotations:
D:5 Dowan, Duvessa


Innate Abilities, Weirdness & Mutations

You have a pair of horns on your head.
You reflexively headbutt those who attack you in melee.


Message History

Press: ? - help, Q - select action, (/) - cycle Shift-Dir - straight line, f/p - Dowan
Aim: Dowan, wielding a +3 dagger and wearing a +0 robe (heavily wounded, 53% to hit)
You throw a silver javelin.
The silver javelin pierces through Duvessa.
Duvessa is almost dead.
The silver javelin barely misses Dowan.
Duvessa hits you with a +0 short sword.
* * * LOW HITPOINT WARNING * * *
Duvessa hits you with a +0 short sword.
* * * LOW HITPOINT WARNING * * *
Duvessa barely misses you. You furiously retaliate!
You headbutt Duvessa, but do no damage.
Throw: 2 javelins (silver)
Press: ? - help, Q - select action, (/) - cycle Shift-Dir - straight line, f/p - Dowan
Aim: Dowan, wielding a +3 dagger and wearing a +0 robe (heavily wounded, 53% to hit)
You throw a silver javelin.
The silver javelin barely misses Duvessa.
The silver javelin barely misses Dowan.
Duvessa barely misses you. Duvessa hits you with a +0 short sword.
* * * LOW HITPOINT WARNING * * *
You hit Duvessa but do no damage. Your headbutt misses Duvessa.
Duvessa is almost dead.
Duvessa closely misses you. You furiously retaliate!
You headbutt Duvessa, but do no damage. You hit Duvessa but do no damage.
Duvessa is almost dead.
Duvessa hits you with a +0 short sword.
* * * LOW HITPOINT WARNING * * *
Duvessa attacks as you move away! Duvessa hits you with a +0 short sword.
* * * LOW HITPOINT WARNING * * *
Duvessa hits you with a +0 short sword.
* * * LOW HITPOINT WARNING * * *
Dowan says, "Stay away from my face!"
Dowan gestures wildly while chanting.
Dowan blinks!
Duvessa hits you with a +0 short sword.
* * * LOW HITPOINT WARNING * * *
Duvessa attacks as you move away! Duvessa hits you with a +0 short sword!
You die...
Your body disappears without a glow.

#<.?.....:....
...8.....#(#.#
....)8.=..(#.#
#...P........#
#..P......e#.#
#.#!.#...#.# #
#..#....<# ...
#...#(#########.#
.>.
##..#....5e@....#
.##
....#############
####.# ..


You could see Duvessa (fast) and a white imp.

Vanquished Creatures
  The ghost of F1ng0rz the Trooper, an amateur VSFi (D:4)
  A phantom (D:5)
  A gnoll sergeant (D:4)
  A necrophage (D:4)
  A hound (D:4)
  A jelly (D:4)
  2 iguanas (D:4)
  9 adders
  A white imp (D:4)
  5 worms
  4 dart slugs
  4 orcs
  7 bats
  8 endoplasms
  5 giant cockroaches
  5 hobgoblins
  3 jackals (D:4)
  7 kobolds
  6 quokkas
  13 ball pythons
  5 frilled lizards
  8 goblins
  6 rats
104 creatures vanquished.

Notes
Turn   | Place    | Note
-------+----------+-------------------------------------------
     0 | D:1      | Wololo the Minotaur Monk began the quest for the Orb.
     0 | D:1      | Reached XP level 1. HP: 19/19 MP: 0/0
   126 | D:1      | Reached skill level 4 in Polearms
   142 | D:1      | Reached XP level 2. HP: 22/26 MP: 1/1
   302 | D:1      | Found Kahanem's Antique Armour Shoppe.
   439 | D:1      | Found Pegumyuk's General Store.
   519 | D:1      | Reached skill level 1 in Shields
   611 | D:1      | Found Vafuxen's General Store.
   642 | D:1      | Found Cithriskev's Weapon Shop.
   665 | D:1      | Bought 8 stones for 9 gold pieces
   832 | D:2      | Reached XP level 3. HP: 31/31 MP: 2/2
  1737 | D:3      | Found a sparkling altar of Nemelex Xobeh.
  1750 | D:3      | Reached skill level 5 in Polearms
  1946 | D:3      | Reached XP level 4. HP: 37/39 MP: 3/3
  2072 | D:3      | Found a burning altar of Makhleb.
  2165 | D:3      | Found a sacrificial altar of Ru.
  2575 | D:3      | Found a faded altar of an unknown god.
  2762 | D:3      | Reached XP level 5. HP: 45/45 MP: 4/4
  3080 | D:3      | Became a worshipper of Nemelex Xobeh the Trickster
  3080 | D:3      | Reached * piety under Nemelex Xobeh
  3080 | D:3      | Received a gift from Nemelex Xobeh
  3080 | D:3      | Reached ** piety under Nemelex Xobeh
  3283 | D:4      | Reached skill level 6 in Polearms
  3443 | D:4      | Reached XP level 6. HP: 51/51 MP: 5/5
  3480 | D:4      | Found a runed translucent gate.
  3481 | D:4      | Found a runed translucent gate.
  3601 | D:4      | Found a runed translucent gate.
  3605 | D:4      | Noticed F1ng0rz's ghost (amateur VSFi)
  3637 | D:4      | Received a gift from Nemelex Xobeh
  3927 | D:4      | Found a runed translucent door.
  3928 | D:4      | Noticed Crazy Yiuf
  4034 | D:4      | Noticed Crazy Yiuf
  4034 | D:4      | Crazy Yiuf changed into Crazy Yiuf the dart slug
  4039 | D:4      | Killed Crazy Yiuf the dart slug
  4336 | D:4      | Reached skill level 7 in Polearms
  4336 | D:4      | Reached skill level 5 in Dodging
  4339 | D:4      | Killed F1ng0rz's ghost
  4340 | D:4      | Reached XP level 7. HP: 57/57 MP: 6/6
  4442 | D:5      | Entered Level 5 of the Dungeon
  4442 | D:5      | Noticed Dowan
  4443 | D:5      | Noticed Duvessa
  4514 | D:5      | Slain by Duvessa

Illustrated notes

Levels and vault maps discovered:
D:1:      dpeg_arrival_castle, layout_basic, serial_shops, shop,
          nicolae_shop_advertising_works [nicolae_subvault_shop_adworks], shop,
          shop_statue
D:2:      layout_basic, minmay_cut_off
D:3:      layout_loops_ring, nemelex_xobeh_ov_fountains_minmay,
          mainiacjoe_overflow_alcove_1, lightli_temple_of_fire,
          nicolae_ecumenical_snake_handling
D:4:      layout_loops_ring, gammafunk_ghost_split, minmay_manual_monstrance,
          uniq_crazy_yiuf_cottage
D:5:      layout_basic, old_standard_altar, minmay_temple_entry_slanted,
          serial_undead, serial_undead_b, serial_undead_a, serial_undead_c,
          serial_undead_b, gup_sewer_entry_bubbles, minivault_26,
          serial_park_tiny_1, kennysheep_generic_room_16, uniq_edmund,
          uniq_duvessa, uniq_eustachio, uniq_pikel

Skill      XL: |  1  2  3  4  5  6 |
---------------+-------------------+-----
Polearms       | 4 5 6 7 |  7.8
Shields        | 1 2 3 4 |  4.5
Dodging        | 4 5 |  5.4
Fighting       | |  3.6
Stealth        | |  1.5

Action                   |  1- 3 |  4- 6 |  7- 9 || total
-------------------------+-------+-------+-------++-------
Melee: Spear             |   122 |   133 |    33 ||   288
       Headbutt          |    16 |    27 |     5 ||    48
Throw: Stone             |     7 |       |       ||     7
       Dart              |     1 |     1 |       ||     2
       Javelin           |       |    27 |     4 ||    31
Invok: Draw Destruction  |       |     4 |       ||     4
 Stab: Sleeping          |     8 |     3 |       ||    11
       Distracted        |       |     1 |       ||     1
Armor: Robe              |     3 |       |       ||     3
       Leather armour    |     9 |    18 |     2 ||    29
Dodge: Dodged            |    42 |    57 |    16 ||   115
Block: Buckler           |     7 |    15 |     9 ||    31
